SAAA
ATHLETIC CLUB KC RESERVES @ TREMONT DOUBLEDAYS
08/07/2034
 
TOP OF THE 1ST
Athletic Club KC Reserves batting - Pitching for Tremont Doubledays : RHP Bob Shepard
Pitching: RHP Bob Shepard
Batting: RHB Armando Altagracia 0-0: Ball
1-0: Foul Ball, location: 2F
1-1: Ground out 6-3 (Groundball, 56)
Batting: LHB Kwang-chih Feng 0-0: Ball
1-0: Ball
2-0: Ball
3-0: Called Strike
3-1: Base on Balls
Batting: LHB Tsai Ng 0-0: Foul Ball, location: 2F
0-1: Ball
1-1: Foul Ball, location: 2F
1-2: Strikes out swinging
Batting: LHB Luis Miguel González 0-0: Called Strike
0-1: Foul Ball, location: 2F
0-2: Ball
1-2: Strikes out swinging
Top of the 1st over - 0 runs, 0 hits, 0 errors, 1 left on base; Athletic Club KC 0 - Tremont 0
BOTTOM OF THE 1ST
Tremont Doubledays batting - Pitching for Athletic Club KC Reserves : RHP David Rowlingson
Pitching: RHP David Rowlingson
Batting: LHB Travis Grigor 0-0: Ball
1-0: Foul Ball, location: 2F
1-1: Called Strike
1-2: SINGLE (Groundball, 34) (infield hit)
Batting: RHB Jorge Rodríguez 0-0: Called Strike
0-1: Swinging Strike
0-2: Ball
1-2: SINGLE (Groundball, 6MD)
Travis Grigor to second
Runner from 2nd tries for 3rd, SAFE, no throw
Batting: LHB Dallas McMurran 0-0: Ball
1-0: Called Strike
1-1: Ball
2-1: Ball
3-1: SINGLE (Groundball, 6MD)
Travis Grigor scores
Jorge Rodríguez to second
Batting: RHB Dan Chrzan 0-0: Ball
1-0: SINGLE (Groundball, 34D)
Jorge Rodríguez to third
Dallas McMurran to second
Batting: RHB Héctor Amaya 0-0: Called Strike
0-1: Ball
1-1: Ground out U3 (Groundball, 34S)
Jorge Rodríguez scores
Dallas McMurran to third
Dan Chrzan to second
Batting: RHB Júlio Flores 0-0: Ball
1-0: Foul Ball, location: 2F
1-1: Ball
2-1: Ball
3-1: Ground out 5-3 (Groundball, 5S)
Dallas McMurran scores
Dan Chrzan to third
Batting: RHB Javier De La Garza 0-0: Ball
1-0: Foul Ball, location: 2F
1-1: DOUBLE (Line Drive, 7D)
Dan Chrzan scores
Batting: RHB Louis Teague 0-0: Foul Ball, location: 2F
0-1: Ball
1-1: Ball
2-1: Ball
3-1: Base on Balls
Batting: RHB Jeff Perkins 0-0: Called Strike
0-1: Fly out, F7 (Flyball, 78D)
Bottom of the 1st over - 4 runs, 5 hits, 0 errors, 2 left on base; Athletic Club KC 0 - Tremont 4
TOP OF THE 2ND
Athletic Club KC Reserves batting - Pitching for Tremont Doubledays : RHP Bob Shepard
Batting: SHB Carlos Rodríguez 0-0: Foul Ball, location: 2F
0-1: Foul Ball, location: 2F
0-2: Ball
1-2: Ball
2-2: Foul Ball, location: 2F
2-2: Ball
3-2: Foul Ball, location: 2F
3-2: Base on Balls
Batting: RHB Tasuku Goto 0-0: Ball
1-0: Foul Ball, location: 2F
1-1: Ball
2-1: Ground out 3-1 (Groundball, 34S)
Carlos Rodríguez to second
Batting: LHB Manuel Domínguez 0-0: Called Strike
0-1: Ball
1-1: Ground out U3 (Groundball, 34S)
Carlos Rodríguez to third
Batting: RHB Troy Whitehurst 0-0: Ball
1-0: Called Strike
1-1: Swinging Strike
1-2: Ball
2-2: Fly out, F9 (Flyball, 9S)
Top of the 2nd over - 0 runs, 0 hits, 0 errors, 1 left on base; Athletic Club KC 0 - Tremont 4
BOTTOM OF THE 2ND
Tremont Doubledays batting - Pitching for Athletic Club KC Reserves : RHP David Rowlingson
Batting: LHB Travis Grigor 0-0: Called Strike
0-1: Ball
1-1: Fly out, F6 (Line Drive, 6M)
Batting: RHB Jorge Rodríguez 0-0: Ball
1-0: Ball
2-0: Ball
3-0: Base on Balls
Batting: LHB Dallas McMurran 0-0: Foul Ball, location: 2F
0-1: Ball
1-1: Foul Ball, location: 2F
1-2: Fielders Choice at 2nd, 4-6 (Groundball, 4M)
Batting: RHB Dan Chrzan 0-0: Called Strike
Dallas McMurran is caught stealing 2nd base
Bottom of the 2nd over - 0 runs, 0 hits, 0 errors, 0 left on base; Athletic Club KC 0 - Tremont 4
TOP OF THE 3RD
Athletic Club KC Reserves batting - Pitching for Tremont Doubledays : RHP Bob Shepard
Batting: RHB Pedro Solís 0-0: Foul Ball, location: 2F
0-1: Ball
1-1: Ball
2-1: Foul Ball, location: 2F
2-2: Ball
3-2: Strikes out swinging
Batting: RHB Armando Altagracia 0-0: Called Strike
0-1: Swinging Strike
0-2: Foul Ball, location: 2F
0-2: Fly out, F4 (Popup, 4)
Batting: LHB Kwang-chih Feng 0-0: Ball
1-0: DOUBLE (Line Drive, 78D)
Batting: LHB Tsai Ng 0-0: Foul Ball, location: 2F
0-1: Ball
1-1: SINGLE (Flyball, 9S)
Kwang-chih Feng to third
Runner from 3rd tries for Home, SAFE, no throw
Batting: LHB Luis Miguel González 0-0: Ball
1-0: Swinging Strike
1-1: Ball
2-1: Ball
3-1: Base on Balls
Tsai Ng to second
Batting: SHB Carlos Rodríguez 0-0: Called Strike
0-1: Fly out, F9 (Flyball, 89M)
Top of the 3rd over - 1 run, 2 hits, 0 errors, 2 left on base; Athletic Club KC 1 - Tremont 4
BOTTOM OF THE 3RD
Tremont Doubledays batting - Pitching for Athletic Club KC Reserves : RHP David Rowlingson
Batting: RHB Dan Chrzan 0-0: Called Strike
0-1: Ground out 1-3 (Groundball, 23)
Batting: RHB Héctor Amaya 0-0: Called Strike
0-1: Foul Ball, location: 2F
0-2: Ball
1-2: Fly out, F8 (Flyball, 89S)
Batting: RHB Júlio Flores 0-0: Ball
1-0: Ball
2-0: Ground out 5-3 (Groundball, 56)
Bottom of the 3rd over - 0 runs, 0 hits, 0 errors, 0 left on base; Athletic Club KC 1 - Tremont 4
TOP OF THE 4TH
Athletic Club KC Reserves batting - Pitching for Tremont Doubledays : RHP Bob Shepard
Batting: RHB Tasuku Goto 0-0: Ground out 4-3 (Groundball, 4)
Batting: LHB Manuel Domínguez 0-0: Swinging Strike
0-1: Ball
1-1: DOUBLE (Line Drive, 9LM)
Batting: RHB Troy Whitehurst 0-0: Ball
1-0: Fly out, F7 (Flyball, 7)
Batting: RHB Pedro Solís 0-0: SINGLE (Line Drive, 7S)
Manuel Domínguez to third
Batting: RHB Armando Altagracia 0-0: Foul Ball, location: 2F
0-1: Ball
1-1: Foul Ball, location: 2F
1-2: DOUBLE (Line Drive, 7LD)
Manuel Domínguez scores
Pedro Solís to third
Runner from 3rd tries for Home, SAFE, no throw
Batting: LHB Kwang-chih Feng 0-0: Ball
1-0: Called Strike
1-1: Foul Ball, location: 2F
1-2: Strikes out swinging
Top of the 4th over - 2 runs, 3 hits, 0 errors, 1 left on base; Athletic Club KC 3 - Tremont 4
BOTTOM OF THE 4TH
Tremont Doubledays batting - Pitching for Athletic Club KC Reserves : RHP David Rowlingson
Batting: RHB Javier De La Garza 0-0: Ball
1-0: Foul Ball, location: 2F
1-1: Ball
2-1: Foul Ball, location: 2F
2-2: Strikes out swinging
Batting: RHB Louis Teague 0-0: Foul Ball, location: 2F
0-1: Called Strike
0-2: Ball
1-2: Foul Ball, location: 2F
1-2: DOUBLE (Flyball, 8RXD)
Batting: RHB Jeff Perkins 0-0: Ground out U3 (Groundball, 34S)
Louis Teague to third
Batting: LHB Travis Grigor 0-0: Foul Ball, location: 2F
0-1: Ball
1-1: Ball
2-1: SINGLE (Flyball, 8LS)
Louis Teague scores
Batting: RHB Jorge Rodríguez 0-0: Ball
Travis Grigor steals 2nd base
1-0: Ball
2-0: Foul Ball, location: 2F
2-1: Ground out 5-3 (Groundball, 56S)
Bottom of the 4th over - 1 run, 2 hits, 0 errors, 1 left on base; Athletic Club KC 3 - Tremont 5
TOP OF THE 5TH
Athletic Club KC Reserves batting - Pitching for Tremont Doubledays : RHP Bob Shepard
Batting: LHB Tsai Ng 0-0: Ball
1-0: Foul Ball, location: 2F
1-1: Ball
2-1: Fly out, F6 (Line Drive, 6M)
Batting: LHB Luis Miguel González 0-0: Called Strike
0-1: Ball
1-1: Ball
2-1: Fly out, F8 (Flyball, 8RXD)
Batting: SHB Carlos Rodríguez 0-0: Ball
1-0: Called Strike
1-1: Foul Ball, location: 2F
1-2: Ball
2-2: SINGLE (Line Drive, 56D)
Batting: RHB Tasuku Goto 0-0: Ball
1-0: Called Strike
1-1: Ball
2-1: Ball
3-1: SINGLE (Line Drive, 8LS)
Carlos Rodríguez to second
Batting: LHB Manuel Domínguez 0-0: Fielders Choice at 2nd, 5-4 (Groundball, 56)
Top of the 5th over - 0 runs, 2 hits, 0 errors, 2 left on base; Athletic Club KC 3 - Tremont 5
BOTTOM OF THE 5TH
Tremont Doubledays batting - Pitching for Athletic Club KC Reserves : RHP David Rowlingson
Batting: LHB Dallas McMurran 0-0: Ball
1-0: SINGLE (Flyball, 78S)
Batting: RHB Dan Chrzan 0-0: Ball
Wild Pitch!
Dallas McMurran to second
1-0: Intentional Walk
Batting: RHB Héctor Amaya 0-0: Fly out, F8 (Flyball, 8RM)
Batting: RHB Júlio Flores 0-0: Ball
1-0: SINGLE (Groundball, 56D)
Dallas McMurran to third
Dan Chrzan to second
Batting: RHB Javier De La Garza 0-0: Swinging Strike
0-1: Ball
1-1: Foul Ball, location: 2F
1-2: Foul Ball, location: 2F
1-2: Ball
2-2: SINGLE (Line Drive, 6D)
Dallas McMurran scores
Dan Chrzan to third
Júlio Flores to second
Batting: RHB Louis Teague 0-0: Ball
1-0: Fielders Choice at 2nd, 3-6 (Groundball, 34)
Dan Chrzan scores
Júlio Flores to third
Batting: RHB Jeff Perkins 0-0: Ball
1-0: Ball
2-0: Called Strike
2-1: Ball
3-1: Ground out 4-3 (Groundball, 4)
Bottom of the 5th over - 2 runs, 3 hits, 0 errors, 2 left on base; Athletic Club KC 3 - Tremont 7
TOP OF THE 6TH
Athletic Club KC Reserves batting - Pitching for Tremont Doubledays : RHP Bob Shepard
Batting: RHB Troy Whitehurst 0-0: Ball
1-0: Fly out, F9 (Flyball, 89S)
Batting: RHB Pedro Solís 0-0: Ground out 4-3 (Groundball, 4M)
Batting: RHB Armando Altagracia 0-0: Called Strike
0-1: Swinging Strike
0-2: Foul Ball, location: 2F
0-2: Strikes out looking
Top of the 6th over - 0 runs, 0 hits, 0 errors, 0 left on base; Athletic Club KC 3 - Tremont 7
BOTTOM OF THE 6TH
Tremont Doubledays batting - Pitching for Athletic Club KC Reserves : RHP David Rowlingson
Pitching: LHP António Hernández
Batting: LHB Travis Grigor 0-0: Foul Ball, location: 2F
0-1: SINGLE (Flyball, 9S)
Batting: RHB Jorge Rodríguez 0-0: Ball
1-0: Ball
2-0: Foul Ball, location: 2F
2-1: Ball
3-1: Base on Balls
Travis Grigor to second
Batting: LHB Dallas McMurran 0-0: Called Strike
0-1: SINGLE (Line Drive, 56)
Travis Grigor to third
Jorge Rodríguez to second
Batting: RHB Dan Chrzan 0-0: Called Strike
0-1: Ground out 5-3 (Groundball, 56S)
Travis Grigor scores
Jorge Rodríguez to third
Dallas McMurran to second
Batting: RHB Héctor Amaya 0-0: Ball
1-0: Foul Ball, location: 2F
1-1: DOUBLE (Line Drive, 8LXD)
Jorge Rodríguez scores
Dallas McMurran scores
Batting: RHB Júlio Flores 0-0: Ground out 5-3 (Groundball, 56)
Batting: RHB Javier De La Garza 0-0: Called Strike
0-1: Ball
1-1: Called Strike
1-2: SINGLE (Line Drive, 8LS)
Héctor Amaya to third
Runner from 3rd tries for Home, throw and OUT!
Bottom of the 6th over - 3 runs, 4 hits, 0 errors, 1 left on base; Athletic Club KC 3 - Tremont 10
TOP OF THE 7TH
Athletic Club KC Reserves batting - Pitching for Tremont Doubledays : RHP Bob Shepard
Batting: LHB Kwang-chih Feng 0-0: Foul Ball, location: 2F
0-1: Swinging Strike
0-2: Ground out 1-3 (Groundball, 15S)
Batting: LHB Tsai Ng 0-0: Foul Ball, location: 2F
0-1: Swinging Strike
0-2: Strikes out swinging
Batting: LHB Luis Miguel González 0-0: Called Strike
0-1: Ball
1-1: Foul Ball, location: 2F
1-2: SINGLE (Groundball, 25) (infield hit)
Pitching: RHP Jeremy Hinkle
Batting: SHB Carlos Rodríguez 0-0: Called Strike
0-1: Ball
1-1: Called Strike
1-2: Ball
2-2: Strikes out swinging
Top of the 7th over - 0 runs, 1 hit, 0 errors, 1 left on base; Athletic Club KC 3 - Tremont 10
BOTTOM OF THE 7TH
Tremont Doubledays batting - Pitching for Athletic Club KC Reserves : LHP António Hernández
Batting: RHB Louis Teague 0-0: Called Strike
0-1: Reached on error, E5 (Groundball, 56S)
Batting: RHB Jeff Perkins 0-0: Ball
Wild Pitch!
Louis Teague to second
1-0: Ball
2-0: Called Strike
2-1: Ball
3-1: Foul Ball, location: 2F
3-2: Strikes out looking
Batting: LHB Travis Grigor 0-0: Ground out 6-3 (Groundball, 6)
Louis Teague to third
Batting: RHB Jorge Rodríguez 0-0: Foul Ball, location: 2F
0-1: Called Strike
0-2: Foul Ball, location: 2F
0-2: Ball
1-2: Fly out, F3 (Popup, 3DF)
Bottom of the 7th over - 0 runs, 0 hits, 1 error, 1 left on base; Athletic Club KC 3 - Tremont 10
TOP OF THE 8TH
Athletic Club KC Reserves batting - Pitching for Tremont Doubledays : RHP Jeremy Hinkle
Now in CF: Sheldon Deshotels
Batting: RHB Tasuku Goto 0-0: Called Strike
0-1: Called Strike
0-2: Strikes out swinging, 2-3 out at first.
Batting: LHB Manuel Domínguez 0-0: Ball
1-0: Foul Ball, location: 2F
1-1: Called Strike
1-2: Ground out 6-3 (Groundball, 56)
Batting: RHB Troy Whitehurst 0-0: Ball
1-0: Foul Ball, location: 2F
1-1: Ball
2-1: Fly out, F5 (Line Drive, 5)
Top of the 8th over - 0 runs, 0 hits, 0 errors, 0 left on base; Athletic Club KC 3 - Tremont 10
BOTTOM OF THE 8TH
Tremont Doubledays batting - Pitching for Athletic Club KC Reserves : LHP António Hernández
Batting: LHB Dallas McMurran 0-0: Foul Ball, location: 2F
0-1: Ground out U3 (Groundball, 3S)
Batting: RHB Dan Chrzan 0-0: Called Strike
0-1: Ball
1-1: DOUBLE (Flyball, 78D)
Batting: RHB Héctor Amaya 0-0: Called Strike
0-1: Ball
1-1: Ball
2-1: Ground out 5-3 (Groundball, 56)
Batting: RHB Júlio Flores 0-0: Swinging Strike
0-1: Ball
1-1: Ball
2-1: Ball
3-1: Foul Ball, location: 2F
3-2: SINGLE (Groundball, 56D)
Dan Chrzan to third
Dan Chrzan scores
Batting: RHB Javier De La Garza 0-0: Called Strike
0-1: Ball
1-1: Ball
2-1: SINGLE (Line Drive, 89S)
Júlio Flores to second
Runner from 2nd tries for 3rd, SAFE, no throw
Batting: RHB Louis Teague 0-0: SINGLE (Flyball, 89S)
Júlio Flores scores
Javier De La Garza to second
Runner from 2nd tries for 3rd, SAFE, no throw
Batting: RHB Jeff Perkins 0-0: Called Strike
0-1: Ball
1-1: Swinging Strike
1-2: Ball
2-2: Ground out 4-3 (Groundball, 4)
Bottom of the 8th over - 2 runs, 4 hits, 0 errors, 2 left on base; Athletic Club KC 3 - Tremont 12
TOP OF THE 9TH
Athletic Club KC Reserves batting - Pitching for Tremont Doubledays : RHP Jeremy Hinkle
Batting: RHB Pedro Solís 0-0: Called Strike
0-1: Ball
1-1: Swinging Strike
1-2: Foul Ball, location: 2F
1-2: Foul Ball, location: 2F
1-2: SINGLE (Flyball, 8LM)
Batting: RHB Armando Altagracia 0-0: Called Strike
0-1: Ball
1-1: Ball
2-1: Swinging Strike
2-2: Strikes out swinging
Batting: LHB Kwang-chih Feng 0-0: Ball
1-0: Ground out 6-3 (Groundball, 6)
Pedro Solís to second
Batting: LHB Tsai Ng 0-0: Ball
1-0: Called Strike
1-1: Called Strike
1-2: Ball
Passed Ball!
Pedro Solís to third
2-2: Foul Ball, location: 2F
2-2: Ball
3-2: Foul Ball, location: 2F
3-2: SINGLE (Flyball, 89S)
Pedro Solís scores
Batting: LHB Luis Miguel González 0-0: Ball
1-0: Foul Ball, location: 2F
1-1: Called Strike
1-2: Ball
2-2: Fielders Choice at 2nd, U4 (Groundball, 4M)
Top of the 9th over - 1 run, 2 hits, 0 errors, 1 left on base; Athletic Club KC 4 - Tremont 12
Friday, March 29th, 2019 - OOTP Baseball 18.8 Build 76